 Dungeon Crawl Stone Soup version 0.28.0 (webtiles) character file.

Game seed: 2458013852519507518

55 laceratedsky the Chopper (level 3, -4/33 HPs)
             Began as a Minotaur Berserker on Feb 6, 2022.
             Was a Believer of Trog.
             Slain by Terence (10 damage)
             ... on level 3 of the Dungeon.
             The game lasted 00:03:52 (1711 turns).

laceratedsky the Chopper (Minotaur Berserker)       Turns: 1711, Time: 00:03:53

Health: -4/33      AC:  9    Str: 29    XL:     3   Next: 67%
Magic:  2/2        EV:  9    Int:  4    God:    Trog [**....]
Gold:   110        SH:  0    Dex:  9    Spells: 2/2 levels left

rFire   . . .      SeeInvis .   a - +0 hand axe
rCold   . . .      Faith    .   (no shield)
rNeg    . . .      Spirit   .   d - +0 chain mail
rPois   .          Reflect  .   (helmet restricted)
rElec   .          Harm     .   (no cloak)
rCorr   .          Rampage  .   (no gloves)
Will    +....                   (no boots)
Stlth   ..........              (no amulet)
HPRegen 0.11/turn               h - ring of Fanoej {Fly Will+ Str+6}
MPRegen 0.08/turn               (no ring)

@: flying
A: horns 2, retaliatory headbutt
a: Renounce Religion, Berserk, Trog's Hand


You were on level 3 of the Dungeon.
You worshipped Trog.
Trog was pleased with you.
You visited 1 branch of the dungeon, and saw 3 of its levels.

You collected 110 gold pieces.

Inventory:

Hand Weapons
 a - a +0 hand axe (weapon)
Missiles
 f - 36 arrows
Armour
 b - a +0 animal skin
 d - a +0 chain mail (worn)
Jewellery
 h - the ring of Fanoej (left hand) {Fly Will+ Str+6}
   (You found it on level 2 of the Dungeon)

   [ring of strength]

   Str:       It affects your strength (+6).
   Fly:       It grants you flight.
   Will:      It increases your willpower.
Scrolls
 e - 2 scrolls of teleportation {unknown}
Potions
 c - a potion of heal wounds {unknown}
 g - a potion of curing {unknown}
 i - a potion of flight {unknown}


   Skills:
 + Level 4.2 Fighting
 + Level 4.7 Axes
 + Level 3.0 Armour
 + Level 2.4 Dodging


You had 2 spell levels left.
You didn't know any spells.
Your spell library was empty.

Dungeon Overview and Level Annotations

Branches:
Dungeon (3/15)

Altars:

Annotations:
D:3 Terence


Innate Abilities, Weirdness & Mutations

You have a pair of horns on your head.
You reflexively headbutt those who attack you in melee.


Message History

Terence shouts!
You hit the hobgoblin. You headbutt the hobgoblin.
You kill the hobgoblin!
Trog accepts your kill.
Terence drinks a potion.
Terence flickers and vanishes!
Deactivating autopickup; reactivate with Ctrl-A.
A dart slug comes into view.
You see here a wand of flame (7).
You miss the goblin. The goblin barely misses you. You furiously retaliate!
You headbutt the goblin!
You kill the goblin!
Trog accepts your kill. Something hits you.
You closely miss something. You headbutt something.
The dart slug launches a dart at you.
The slug dart hits something but does no damage.
Something hits you.
A kobold comes into view. It is wielding a +0 club.
You barely miss something. You headbutt something.
Something hits you but does no damage.
You barely miss something. Your headbutt misses something.
Something hits you but does no damage.
An endoplasm comes into view.
You miss something.
The endoplasm quivers.
Something hits you.
You slash the dart slug! You headbutt the dart slug.
You kill the dart slug!
Trog accepts your kill.
You hit something but do no damage. Something hits you. x2
You hit something. Something hits you.
You miss something. You hit the kobold but do no damage.
The kobold barely misses you. You furiously retaliate!
You headbutt the kobold. Something hits you.
You hit something but do no damage. You hit the kobold but do no damage.
The kobold hits you but does no damage. Something hits you!
* * * LOW HITPOINT WARNING * * *
The kobold barely misses you.
You closely miss something. You closely miss the kobold. Something hits you!
You die...

#........## #.
#...<.....# #.
#.........# . #.
#.........# #>## #.
#.........# #....#.##
#.........#
#......###...........
###...#K$...........##
......J{@/).........#
....#######.........#
#. #)........
#......... #.#.....#.
#g####### #?# #.#


You could see an endoplasm and a kobold.

Vanquished Creatures
  An adder (D:2)
  2 dart slugs
  4 ball pythons
  4 bats
  5 endoplasms
  2 giant cockroaches (D:2)
  4 goblins
  4 hobgoblins
  3 kobolds
  2 quokkas (D:1)
  A frilled lizard (D:1)
  5 rats
37 creatures vanquished.

Notes
Turn   | Place    | Note
-------+----------+-------------------------------------------
     0 | D:1      | laceratedsky the Minotaur Berserker began the quest for the
                  | Orb.
     0 | D:1      | Reached XP level 1. HP: 19/19 MP: 0/0
   222 | D:1      | Reached XP level 2. HP: 26/27 MP: 1/1
   469 | D:1      | Found a faded altar of an unknown god.
  1317 | D:2      | Reached XP level 3. HP: 33/33 MP: 2/2
  1354 | D:2      | Reached ** piety under Trog
  1649 | D:2      | Identified the ring of Fanoej {Fly Will+ Str+6}
  1696 | D:3      | Noticed Terence
  1711 | D:3      | Slain by Terence

Illustrated notes

Levels and vault maps discovered:
D:1:      lightli_arrival_windingriver, layout_basic,
          ebering_ecumenical_altar_webs
D:2:      layout_loops_ring
D:3:      layout_rooms, minmay_curled_crystal, kennysheep_generic_room_7,
          uniq_terence

Skill      XL: |  1  2  3 |
---------------+----------+-----
Axes           | 4 |  4.7
Fighting       | 4 |  4.2
Armour         | 3 |  3.0
Dodging        | |  2.4

Action                   || total
-------------------------++-------
Melee: Hand axe          ||    92
       Punch             ||     1
       Headbutt          ||    20
Armor: Animal skin       ||     4
       Chain mail        ||    36
Dodge: Dodged            ||    41
